 Dungeon Crawl Stone Soup version 0.22.0-38-g04b72b8 (webtiles) character file.

25128 HoaS the Fighter (level 13, 0/89 HPs)
             Began as a Gargoyle Berserker on Aug 27, 2018.
             Was a High Priest of Trog.
             Slain by a fire elemental (7 damage)
             ... led by Azrael
             ... on level 1 of the Orcish Mines.
             The game lasted 00:55:04 (13699 turns).

HoaS the Fighter (Gargoyle Berserker)              Turns: 13699, Time: 00:55:05

Health: 0/89       AC: 38    Str: 29    XL:     13   Next: 17%
Magic:  13/13      EV: 12    Int:  8    God:    Trog [*****.]
Gold:   1046       SH:  0    Dex: 13    Spells: 12/12 levels left

rFire    + . .     SeeInvis .     - Unarmed
rCold    . . .     Gourm    .   (no shield)
rNeg     + . .     Faith    .   B - +0 plate armour
rPois    ∞         Spirit   .   (no helmet)
rElec    +         Reflect  .   d - +2 cloak
rCorr    .         Harm     .   u - +2 pair of gloves
MR       +++..                  v - +2 pair of boots
Stlth    ..........             (no amulet)
HPRegen  1.24/turn              y - ring "Diaquock" {rF+ MR+ Str+2}
MPRegen  0.13/turn              o - +4 ring of protection

@: mighty, berserk cooldown, regenerating, hasted and slowed
A: negative energy resistance 1, electricity resistance, unbreathing,
petrification resistance, rot immunity, AC +9
a: Berserk, Trog's Hand, Brothers in Arms, Renounce Religion


You were on level 1 of the Orcish Mines.
You worshipped Trog.
Trog was extremely pleased with you.
You were near starving.

You visited 2 branches of the dungeon, and saw 14 of its levels.

You collected 1046 gold pieces.

Inventory:

Armour
 d - a +2 cloak (worn)
 u - a +2 pair of gloves (worn)
 v - a +2 pair of boots (worn)
 B - a +0 plate armour (worn)
Jewellery
 h - an uncursed ring of ice
 o - a +4 ring of protection (right hand)
 p - an uncursed ring of see invisible
 y - the ring "Diaquock" (left hand) {rF+ MR+ Str+2}
   (You took it off a death knight on level 12 of the Dungeon)

   [ring of protection from fire]

   It affects your strength (+2).
   It protects you from fire.
   It affects your resistance to hostile enchantments.
Wands
 k - a wand of flame (67)
 n - a wand of polymorph (15)
 q - a wand of digging (18)
 z - a wand of paralysis (12)
 E - a wand of enslavement (9)
 H - a wand of iceblast (7)
Scrolls
 a - 10 scrolls of teleportation
 g - 2 scrolls of identify
 s - 2 scrolls of fear
 t - 5 scrolls of remove curse
 w - a scroll of blinking
 D - a scroll of fog
Potions
 c - 5 potions of haste
 f - a potion of invisibility
 i - 2 potions of mutation
 j - 4 potions of curing
 l - a potion of resistance
 m - 2 potions of heal wounds
 r - 4 potions of flight
 x - 2 potions of agility
 A - a potion of ambrosia {unknown}
 F - a potion of berserk rage {unknown}
Miscellaneous
 G - a lightning rod (4/4)
Comestibles
 b - 23 rations
 C - 17 chunks of flesh


   Skills:
 * Level 13.8 Fighting
 + Level 10.0 Armour
 + Level 7.7 Dodging
 * Level 12.8 Unarmed Combat


You had 12 spell levels left.
You didn't know any spells.
Your spell library was empty.

Dungeon Overview and Level Annotations

Branches:
Dungeon (12/15)            Temple (0/1) D:5            Lair (0/6) D:11
    Orc (2/2) D:10
    Elf: Orc:2

Altars:
Dithmenos
Elyvilon
Fedhas
Gozag
Kikubaaqudgha
Okawaru
Qazlal
Ru
Sif Muna
Trog
Uskayaw
Vehumet
Wu Jian
Xom
Yredelemnul
Zin
Beogh

Shops:
D:5 =   D:6 }


Innate Abilities, Weirdness & Mutations

You are resistant to torment.
Your stone body is resilient. (AC +9)
You are immune to poison.
You resist negative energy. (rN+)
You are resistant to electric shocks. (rElec)
You can survive without breathing.
You are immune to petrification.
You are immune to rotting.


Message History

The fire elemental completely misses you.
The fire elemental misses you. The troll bites you but does no damage.
The troll closely misses you. The troll claws you.
* * * LOW HITPOINT WARNING * * *
The fire elemental barely misses you.
You beat the troll into a bloody pulp!!!
You kill the troll!
Trog accepts your kill.
The fire elemental hits you. x3; The fire elemental burns you!
You resist.
* * * LOW HITPOINT WARNING * * *
You punch the fire elemental!
The fire elemental is moderately damaged.
The fire elemental barely misses you. The fire elemental closely misses you.
The fire elemental misses you.
You barely miss the fire elemental.
The fire elemental is moderately damaged.
The fire elemental hits you. The fire elemental burns you! You resist.
* * * LOW HITPOINT WARNING * * *
The fire elemental hits you. The fire elemental burns you! You resist.
You die...

#######...#...........###
#...####.....#.#......# ##
...##.####.#.###..)..## #.
.......##.##.####...### ##
..#...#####...#.......#####
###. ..##..##
##.#...###...##)####...
####...#
##....####.)#)))##....
.##....#
#...E##...))#)>......
..#...##
##.E@E#....###.##..#.
#....##
##.#.....#.###..#####
##.###
#...#.......#...##### #...#
##.##.#.##.##.....##. ...##
##########.......#.. #.##
##....###..... ###
#....####.....
##....##...#..
###.......##.


You could see 3 fire elementals.

Vanquished Creatures
  Azrael (Orc:2)
  Harold (Orc:1)
  A centaur warrior (D:11)
  A death knight (D:12)
  5 two-headed ogres
  2 unseen horrors
  An orc knight (Orc:1)
  A wolf spider zombie (D:12)
  3 manticores (D:12)
  A cyclops (D:12)
  Maurice (D:11)
  Joseph (D:10)
  Psyche (D:11)
  2 kobold demonologists (D:11)
  A komodo dragon (shapeshifter) (D:11)
  3 trolls
  A slime creature (D:12)
  2 hornets
  4 hippogriffs
  A centaur simulacrum (D:12)
  A shadow (D:11)
  5 yaks (D:12)
  2 wraiths (D:12)
  A fire elemental (Orc:2)
  Eustachio (D:5)
  A steam dragon (D:9)
  6 vampire mosquitoes (D:11)
  Menkaure (D:4)
  3 hell hounds (Orc:2)
  A soldier ant (D:6)
  A water moccasin (D:11)
  An eye of draining (D:12)
  9 orc warriors
  2 sky beasts
  A hornet zombie (D:7)
  2 ice beasts
  5 necrophages
  The ghost of George the Chopper, an amateur HOFi (D:3)
  6 phantoms
  6 wolves
  4 ogres
  3 crocodiles
  4 centaurs
  3 big kobolds
  8 bullfrogs
  2 wyvern zombies
  A gnoll sergeant (D:2)
  4 scorpions
  6 killer bees
  6 wights
  4 electric eels (D:11)
  6 crimson imps
  5 centaur zombies
  A quasit (D:12)
  A jelly (D:9)
  14 hounds
  Crazy Yiuf (D:2)
  A gnoll shaman (Orc:1)
  13 orc priests
  2 centaur skeletons
  A bullfrog skeleton (D:9)
  4 iguanas
  Natasha (thrice) (D:2)
  12 orc wizards
  7 worker ants
  A hound zombie (D:6)
  2 worker ant zombies
  15 gnolls
  11 adders
  A shadow imp (D:8)
  2 adder skeletons
  8 worms
  4 dart slugs
  6 leopard geckos
  54 orcs
  2 giant cockroaches
  7 goblins
  8 hobgoblins
  13 jackals
  3 quokkas (D:8)
  6 bats
  4 frilled lizards
  11 kobolds
  5 rats
  A bush (D:6)
  A fungus (D:2)
371 creatures vanquished.

Vanquished Creatures (others)
  An unseen horror (D:12)
  6 plants (D:6)
7 creatures vanquished.

Grand Total: 378 creatures vanquished

Notes
Turn   | Place    | Note
-------+----------+-------------------------------------------
     0 | D:1      | HoaS the Gargoyle Berserker began the quest for the Orb.
     0 | D:1      | Reached XP level 1. HP: 14/14 MP: 1/1
   141 | D:1      | Reached XP level 2. HP: 16/19 MP: 2/2
   329 | D:1      | Reached XP level 3. HP: 24/24 MP: 3/3
   389 | D:1      | Found a shimmering altar of Xom.
   598 | D:2      | Reached ** piety under Trog
   753 | D:2      | Noticed Natasha
   760 | D:2      | HP: 1/36 [Natasha/magic dart (6)]
   761 | D:2      | Killed Natasha
   761 | D:2      | Reached skill level 4 in Fighting
   761 | D:2      | Reached XP level 4. HP: 2/29 MP: 4/4
  1149 | D:2      | Noticed Natasha
  1156 | D:2      | Killed Natasha
  1448 | D:2      | Noticed Natasha
  1455 | D:2      | Killed Natasha
  1455 | D:2      | Reached XP level 5. HP: 9/34 MP: 5/5
  1926 | D:2      | Found a runed door.
  1930 | D:2      | Noticed Crazy Yiuf
  1944 | D:2      | Killed Crazy Yiuf
  2354 | D:2      | Reached skill level 5 in Fighting
  2354 | D:2      | Reached XP level 6. HP: 35/40 MP: 6/6
  2639 | D:3      | Found an opulent altar of Gozag.
  2655 | D:3      | Found a runed door.
  2733 | D:3      | Noticed George's ghost (amateur HOFi)
  2898 | D:3      | Found a shadowy altar of Dithmenos.
  3037 | D:3      | Found a hide-covered altar of Uskayaw.
  3172 | D:3      | Killed George's ghost
  3172 | D:3      | Reached skill level 5 in Unarmed Combat
  3172 | D:3      | Reached XP level 7. HP: 44/44 MP: 7/7
  3669 | D:4      | Noticed Menkaure
  3687 | D:4      | Killed Menkaure
  3687 | D:4      | Reached skill level 6 in Fighting
  4497 | D:5      | Entered Level 5 of the Dungeon
  4634 | D:5      | Found Haveaw's Jewellery Boutique.
  4824 | D:5      | Reached XP level 8. HP: 52/52 MP: 8/8
  4841 | D:5      | Reached *** piety under Trog
  4868 | D:5      | Found a staircase to the Ecumenical Temple.
  4894 | D:5      | Noticed Eustachio
  4938 | D:5      | Killed Eustachio
  4938 | D:5      | Reached skill level 7 in Fighting
  5436 | D:6      | Reached skill level 5 in Armour
  5787 | D:6      | Found an iron altar of Okawaru.
  5833 | D:6      | Reached XP level 9. HP: 49/59 MP: 9/9
  5837 | D:6      | Reached skill level 8 in Fighting
  6290 | D:6      | Found a blossoming altar of Fedhas.
  6368 | D:6      | Found Quopp's Gadget Shoppe.
  6925 | D:7      | Reached skill level 9 in Fighting
  6985 | D:7      | Found an ancient bone altar of Kikubaaqudgha.
  7128 | D:7      | Reached XP level 10. HP: 57/66 MP: 10/10
  7230 | D:7      | Found an ornate altar of the Wu Jian Council.
  7409 | D:8      | Found a basalt altar of Yredelemnul.
  7410 | D:8      | Found a glowing silver altar of Zin.
  7520 | D:7      | Reached skill level 5 in Dodging
  7650 | D:8      | Found a deep blue altar of Sif Muna.
  7740 | D:8      | Found a stormy altar of Qazlal.
  7947 | D:8      | Reached **** piety under Trog
  8480 | D:9      | Reached skill level 10 in Fighting
  8609 | D:9      | Found a bloodstained altar of Trog.
  8650 | D:10     | Entered Level 10 of the Dungeon
  8790 | D:10     | Noticed Joseph
  8819 | D:10     | Killed Joseph
  8871 | D:10     | Found a staircase to the Orcish Mines.
  8876 | D:10     | Found a roughly hewn altar of Beogh.
  9202 | D:10     | Found a white marble altar of Elyvilon.
  9603 | D:11     | Reached skill level 10 in Unarmed Combat
  9606 | D:11     | Reached XP level 11. HP: 64/73 MP: 11/11
  9634 | D:11     | Reached ***** piety under Trog
  9698 | D:11     | Reached skill level 11 in Fighting
  9705 | D:11     | Noticed Maurice
  9719 | D:11     | Killed Maurice
  9742 | D:11     | Found a staircase to the Lair.
  9789 | D:11     | Noticed Psyche
  9800 | D:11     | Killed Psyche
  9889 | D:11     | Noticed a two-headed ogre
  9897 | D:11     | Killed a two-headed ogre
 10460 | D:11     | Noticed an unseen horror
 10477 | D:11     | Killed an unseen horror
 10546 | D:12     | Found a shimmering altar of Xom.
 10546 | D:12     | Found a stormy altar of Qazlal.
 10574 | D:12     | Found a radiant altar of Vehumet.
 10574 | D:12     | Found a sacrificial altar of Ru.
 10592 | D:12     | Noticed a centaur warrior
 10593 | D:12     | Found the +3 sling "Punk" {acid, rCorr}
 10649 | D:11     | Reached skill level 12 in Fighting
 10753 | D:12     | Noticed a death knight
 10766 | D:11     | Killed a centaur warrior
 10790 | D:11     | Received a gift from Trog
 10884 | D:12     | Noticed a manticore
 10920 | D:12     | Reached XP level 12. HP: 41/81 MP: 12/12
 11126 | D:12     | Killed a death knight
 11375 | D:12     | Got a flickering granite ring
 11381 | D:11     | Identified the ring "Diaquock" {rF+ MR+ Str+2} (You took it off a death knight on level 12 of the Dungeon)
 11410 | D:12     | Found the +9 staff of Wucad Mu {channel}
 11536 | D:12     | Noticed a two-headed ogre
 11544 | D:12     | Killed a two-headed ogre
 11564 | D:12     | Found a stormy altar of Qazlal.
 11632 | D:12     | Noticed a two-headed ogre
 11647 | D:12     | Killed a two-headed ogre
 11653 | D:12     | Reached skill level 13 in Fighting
 11888 | D:12     | Noticed a two-headed ogre
 11904 | D:12     | Killed a two-headed ogre
 12115 | D:12     | Noticed a two-headed ogre
 12125 | D:12     | Killed a two-headed ogre
 12793 | Orc:1    | Entered Level 1 of the Orcish Mines
 12951 | Orc:1    | Noticed Harold
 12985 | Orc:1    | Killed Harold
 13321 | Orc:2    | Entered Level 2 of the Orcish Mines
 13323 | Orc:2    | Received a gift from Trog
 13327 | Orc:2    | Reached XP level 13. HP: 81/88 MP: 13/13
 13636 | Orc:2    | Noticed Azrael
 13673 | Orc:2    | Killed Azrael
 13673 | Orc:2    | Reached skill level 10 in Armour
 13699 | Orc:1    | Slain by a fire elemental

Skill      XL: |  1  2  3  4  5  6  7  8  9 10 11 12 13 |
---------------+----------------------------------------+-----
Fighting       | 4 5 6 7 9 10 12 13 | 13.8
Dodging        | 2 3 4 5 6 7 |  7.7
Armour         | 3 4 5 6 7 8 9 10 | 10.0
Unarmed Combat | 4 5 7 8 10 11 12 | 12.8

Action                   |  1- 3 |  4- 6 |  7- 9 | 10-12 | 13-15 || total
-------------------------+-------+-------+-------+-------+-------++-------
Melee: Unarmed           |   113 |   193 |   573 |   971 |   118 ||  1968
       Punch             |     1 |     6 |    22 |    43 |     6 ||    78
Invok: Berserk           |     2 |     4 |     3 |     4 |     1 ||    14
       Trog's Hand       |       |     1 |     4 |     2 |     1 ||     8
  Use: Scroll            |       |    10 |    12 |    11 |       ||    33
       Potion            |       |       |       |       |     2 ||     2
 Stab: Sleeping          |     1 |       |       |       |       ||     1
  Eat: Ration            |       |     2 |     2 |       |       ||     4
       Chunk             |       |     5 |    12 |    25 |     1 ||    43
Armor: Animal skin       |    32 |    29 |       |       |       ||    61
       Scale mail        |       |    41 |   166 |       |       ||   207
       Chain mail        |       |       |   160 |   129 |       ||   289
       Plate armour      |       |       |       |   740 |   163 ||   903
       Ring mail         |       |       |       |    20 |       ||    20
Dodge: Dodged            |    73 |   125 |   249 |   523 |   116 ||  1086
